 Dungeon Crawl Stone Soup version 0.21.1-1-g345015fe64 (webtiles) character file.

49 Htamos the Conjurer (level 4, -1/24 HPs)
             Began as a Kobold Conjurer on June 30, 2018.
             Slain by a gnoll
             ... wielding a +0 spear
              (6 damage)
             ... on level 1 of the Dungeon.
             The game lasted 00:10:58 (2925 turns).

Htamos the Conjurer (Kobold Conjurer)               Turns: 2925, Time: 00:10:58

Health: -1/24      AC:  2    Str:  6    XL:     4   Next: 1%
Magic:  7/7        EV: 16    Int: 16    God:
Gold:   110        SH:  0    Dex: 15    Spells: 6/7 levels left

rFire    . . .     SeeInvis .   h - +0 dagger
rCold    . . .     Gourm    .   (shield restricted)
rNeg     . . .     Faith    .   a - +0 robe
rPois    .         Spirit   .   (no helmet)
rElec    .         Reflect  .   (no cloak)
rCorr    .         Harm     .   (no gloves)
MR       .....                  (no boots)
Stlth    ++........             (no amulet)
HPRegen  0.08/turn              (no ring)
MPRegen  0.10/turn              (no ring)

@: no status effects
A: small, carnivore
a: no special abilities


You were on level 1 of the Dungeon.
You were not hungry.

You visited 1 branch of the dungeon, and saw 2 of its levels.

You collected 110 gold pieces.

Inventory:

Hand Weapons
 d - a +0 club
 g - a +0 club
 h - a +0 dagger (weapon)
Armour
 a - a +0 robe (worn)
Jewellery
 k - an uncursed ring of fire {unknown}
Scrolls
 e - 3 scrolls of identify {unknown}
 f - a scroll of amnesia {unknown}
 i - a scroll of noise {unknown}
Potions
 j - a potion of curing
Books
 b - a book of Conjurations

   Spells                             Type                      Level
   a - Magic Dart                     Conjuration                  1
   b - Searing Ray                    Conjuration                  2
   c - Dazzling Spray                 Conjuration/Hexes            3
   d - Fulminant Prism                Conjuration/Hexes            4
   e - Force Lance                    Conjuration/Translocation    4
   f - Iskenderun's Mystic Blast      Conjuration                  4
Comestibles
 c - 2 rations


   Skills:
 + Level 0.4 Fighting
 + Level 0.1 Short Blades
 + Level 3.0 Dodging
 + Level 3.2 Stealth
 + Level 2.4 Spellcasting
 + Level 4.7 Conjurations


You had 6 spell levels left.
You knew the following spells:

 Your Spells              Type           Power        Failure   Level  Hunger
a - Magic Dart            Conj           ###.         3%          1    #......


Dungeon Overview and Level Annotations

Branches:
Dungeon (2/15)

Altars:
Qazlal


Innate Abilities, Weirdness & Mutations

You are small and have problems with some larger weapons.
You are carnivorous and can eat meat at any time.


Message History

The gnoll closely misses you.
You hit the gnoll but do no damage.
The gnoll is lightly wounded.
The gnoll misses you. The gnoll completely misses you.
The gnoll closely misses you.
You hit the gnoll.
The gnoll is moderately wounded.
The gnoll misses you. The gnoll barely misses you. x2
You hit the gnoll.
The gnoll is moderately wounded.
The gnoll hits you with a whip! The gnoll closely misses you. x2
You hit the gnoll but do no damage.
The gnoll is moderately wounded.
The gnoll closely misses you. The gnoll barely misses you. x2
You hit the gnoll.
The gnoll is heavily wounded.
The gnoll hits you with a whip.
* * * LOW HITPOINT WARNING * * *
The gnoll hits you with a spear.
You die...

...##
#.###.##...######..........
...# #.# #.##...# #.#########
...####.###.###### #.# #..
...'........# #.# #..
...####.##### #.# #.. ...# #.#
#.# #.. #### #.# ########.#
#.. #.# #gg......# #..
#.########@##.....#######..
####.......##g##.....'........
#..........##.##.....##....#..
#..........##.##.....#.......#
#..........##.######.#.....#.#
## #..........##.# #.#.#####.#
.# #..........##.#
##'#.#####.# (#
####+#.###.##.# #........#.#
.# #...# #.##.#####........#.#


You could see 3 gnolls.

Vanquished Creatures
  An adder (D:2)
  An ooze (D:1)
  2 leopard geckos (D:1)
  2 giant cockroaches
  4 goblins
  5 hobgoblins
  A quokka (D:2)
  4 bats
  3 frilled lizards
  5 kobolds
  5 rats
33 creatures vanquished.

Notes
Turn   | Place    | Note
-------+----------+-------------------------------------------
     0 | D:1      | Htamos the Kobold Conjurer began the quest for the Orb.
     0 | D:1      | Reached XP level 1. HP: 10/10 MP: 3/3
    89 | D:1      | Reached XP level 2. HP: 10/15 MP: 3/5
  1341 | D:1      | Reached XP level 3. HP: 9/19 MP: 6/6
  2288 | D:1      | Found a stormy altar of Qazlal.
  2302 | D:1      | You fall through a shaft!
  2534 | D:2      | Reached XP level 4. HP: 18/24 MP: 2/7
  2639 | D:2      | HP: 1/24 [gnoll/spear (7)]
  2925 | D:1      | Slain by a gnoll

Skill      XL: |  1  2  3 |
---------------+----------+-----
Stealth        | 3 |  3.2
Dodging        | 3 |  3.0
Fighting       | |  0.4
Short Blades   | |  0.1
Spellcasting   | |  2.4
Conjurations   | |  4.7

Action                   |  1- 3 |  4- 6 || total
-------------------------+-------+-------++-------
Melee: Club              |    92 |       ||    92
       Dagger            |    36 |    24 ||    60
 Cast: Magic Dart        |    24 |     9 ||    33
  Use: Potion            |     3 |       ||     3
 Stab: Sleeping          |     7 |       ||     7
  Eat: Chunk             |     6 |       ||     6
       Ration            |     1 |       ||     1
Armor: Robe              |    22 |     2 ||    24
Dodge: Dodged            |   113 |    36 ||   149
